 Dungeon Crawl Stone Soup version 0.17-a0-1617-gfba1302 (webtiles) character file.

69042 urechis the Unseen (level 15, -8/96 HPs)
             Began as a Kobold Berserker on July 31, 2015.
             Was the Champion of Trog.
             Mangled by a sun demon (22 damage)
             ... on level 8 of the Lair of Beasts on Aug 1, 2015.
             The game lasted 01:06:52 (19908 turns).

urechis the Unseen (Kobold Berserker)              Turns: 19908, Time: 01:06:53

Health: -8/96      AC: 22    Str: 18    XL:     15   Next: 72%
Magic:  15/15      EV: 25    Int:  5    God:    Trog [******]
Gold:   1403       SH:  9    Dex: 26    Spells: 0 memorised, 14 levels left

rFire  x . .     SeeInvis .     a - +9 quick blade (freeze)
rCold  + . .     Clarity  .     G - +6 scale mail "Fuifu" {Str+3}
rNeg   . . .     SustAt   .     C - +0 buckler
rPois  +         Gourm    .     x - +1 hat
rElec  .         Spirit   .     p - +2 cloak {rPois}
rCorr  .         Warding  .     i - +0 pair of gloves
rMut   .         Stasis   .     J - +2 pair of boots
MR     +++..                    L - amulet of regeneration
Stlth  +++++++++.               V - ring of Eternal Harmony {Ice Dex+3 Slay+2}
                                R - ring of stealth

@: regenerating, extremely resistant to hostile enchantments, incredibly
stealthy
A: carnivore 3
a: Burn Spellbooks, Berserk, Trog's Hand, Brothers in Arms, Renounce Religion


You were on level 8 of the Lair of Beasts.
You worshipped Trog.
Trog was exalted by your worship.
You were not hungry.

You visited 2 branches of the dungeon, and saw 20 of its levels.
You also visited: Volcano.

You collected 2009 gold pieces.
You spent 606 gold pieces at shops.

Inventory:

Hand weapons
 a - a +9 quick blade of freezing (weapon)
 b - a +9 vampiric rapier
 u - the +9 dagger of Reinforcement {venom, rPois}
   (Trog gifted it to you on level 6 of the Lair of Beasts)

   It poisons the flesh of those it strikes.
   It protects you from poison.
Armour
 i - a +0 pair of gloves (worn)
 p - a +2 cloak of poison resistance (worn)
 x - a +1 hat (worn)
 C - a +0 buckler (worn)
 G - the +6 scale mail "Fuifu" (worn) {Str+3}
   (You bought it in a shop on level 11 of the Dungeon)

   It affects your strength (+3).
 H - the +1 leather armour "Hytitus" {rElec}
   (You bought it in a shop on level 6 of the Dungeon)

   It insulates you from electricity.
 J - a +2 pair of boots (worn)
 M - a +2 cloak of magic resistance
Jewellery
 m - an uncursed ring of see invisible
 y - an uncursed amulet of clarity
 L - an amulet of regeneration (around neck)
 R - a ring of stealth (left hand)
 V - the ring of Eternal Harmony (right hand) {Ice Dex+3 Slay+2}
   (You found it on level 9 of the Dungeon)

   [ring of ice]

   It enhances your ice magic, and weakens your fire magic.
   It affects your dexterity (+3).
   It affects your accuracy and damage with ranged weapons and melee attacks
   (+2).
   It makes you vulnerable to fire.
   It protects you from cold.
Scrolls
 d - a scroll of enchant weapon
 h - 4 scrolls of fog
 l - 9 scrolls of remove curse
 o - 5 scrolls of fear
 q - 6 scrolls of enchant armour
 r - a scroll of blinking
 t - a scroll of summoning
 E - 5 scrolls of teleportation
 F - a scroll of noise {unknown}
 I - 2 scrolls of recharging
 K - a scroll of identify
 O - 3 scrolls of magic mapping
Potions
 e - 3 potions of degeneration {unknown}
 f - 4 potions of might {unknown}
 g - a potion of experience {unknown}
 j - a potion of resistance {unknown}
 n - 6 potions of curing
 v - a potion of heal wounds {unknown}
 w - 2 potions of poison {unknown}
 z - 2 potions of invisibility {unknown}
 A - 3 potions of berserk rage {unknown}
 B - 5 potions of agility {unknown}
 D - a potion of flight {unknown}
 N - 3 potions of brilliance {unknown}
 S - a potion of lignification {unknown}
 T - a potion of cancellation {unknown}
 Z - 4 potions of haste {unknown}
Comestibles
 c - 10 meat rations
 k - 3 beef jerkies
 s - 2 slices of pizza
 U - a royal jelly


   Skills:
 - Level 12.0 Fighting
 - Level 14.0 Short Blades
 - Level 6.0 Armour
 - Level 12.0 Dodging
 + Level 19.0 Stealth
 - Level 10.0 Shields


You had 14 spell levels left.
You didn't know any spells.

Dungeon Overview and Level Annotations

Branches:
Dungeon (12/15)            Temple (0/1) D:7            Lair (8/8) D:9
 Shoals (0/4) Lair:6       Spider (0/4) Lair:3        Slime (0/6) Lair:8
    Orc (0/4) D:10

Altars:
Dithmenos
Elyvilon
Fedhas
Gozag
Kikubaaqudgha
Makhleb
Nemelex Xobeh
Okawaru
Qazlal
Sif Muna
Vehumet
Xom
Yredelemnul
Zin
Jiyva

Shops:
D:6 *   D:7 !   D:11 [

Annotations:
D:8 Grum


Innate Abilities, Weirdness & Mutations

You are small and have problems with some larger weapons.
You are carnivorous and can eat meat at any time.


Message History

The sun demon is lightly wounded.
The sun demon hits you!!
You are engulfed in flames!!
The fire burns you terribly!
You puncture the sun demon! You freeze the sun demon.
The sun demon is moderately wounded.
You miss the sun demon.
The sun demon is moderately wounded.
The sun demon misses you.
Use which ability? (? or * to list)
Your skin crawls.
You feel resistant to hostile enchantments.
The red devil closely misses you. The sun demon misses you.
You hit the sun demon but do no damage.
The sun demon is moderately wounded.
You barely miss the sun demon.
The sun demon is moderately wounded.
The sun demon hits you!!
* * * LOW HITPOINT WARNING * * *
You are engulfed in flames!!
The fire burns you terribly!
You die...

####### ≈≈≈§§≈§
#############≈≈≈§§≈≈ ♣♣
#........#.....≈≈§≈§ .♣♣
#...8.8..#.........≈ ..♣
#..8.8...44..._..... ..♣
#...8.8.3#...3.4.... .♣♣
#..8.8.@.#.....4.4≈§ ♣♣
#...8.8..############### ♣
#..8.8.†)'.............# ♣
♣#......).#...8....8....#
♣♣♣♣♣'#########.............#
♣♣.♣♣.♣♣♣ ######''####### ♣
♣♣.......♣♣♣ ♣....♣
♣♣♣...♣♣♣....♣♣♣ ♣♣..♣♣
♣..♣♣♣♣ ♣♣♣♣...♣♣ ♣♣♣..♣♣


You could see a sun demon, an orange demon and a red devil.

Vanquished Creatures
  Gastronok (Lair:2)
  Maud (Lair:5)
  A dire elephant (Lair:8)
  A great orb of eyes (D:8)
  Erolcha (D:8)
  8 hydras
  A centaur warrior (D:11)
  18 death yaks
  A tengu warrior (D:12)
  Nergalle (Lair:3)
  Pikel (D:8)
  2 hill giants (D:12)
  A wizard (Lair:8)
  2 griffons
  2 oklob plants (Lair:7)
  A cyclops (D:12)
  13 elephants
  A sixfirhy (Lair:8)
  A smoke demon (Lair:8)
  4 orange demons (Lair:8)
  6 black mambas
  Psyche (D:12)
  2 gargoyles
  13 spiny frogs
  11 komodo dragons
  A tengu conjurer (D:12)
  5 fire drakes
  A guardian mummy (Volcano)
  2 blue devils (Lair:8)
  2 boulder beetles (Lair:8)
  19 blink frogs
  A trapdoor spider (D:11)
  2 flying skulls (Volcano)
  3 vampires (Volcano)
  37 yaks
  9 hippogriffs
  A basilisk (Lair:7)
  2 wraiths
  A hungry ghost (D:7)
  2 deep elf magi
  9 wolves
  A wyvern (D:9)
  A hill giant skeleton (Volcano)
  A steam dragon (D:11)
  5 porcupines
  10 water moccasins
  A soldier ant (D:12)
  3 ice beasts
  An orc warrior (D:5)
  A wasp (D:10)
  A black bear (D:11)
  An eye of draining (D:8)
  2 phantoms
  5 ogres
  3 slaves (D:8)
  4 sky beasts
  14 crocodiles
  6 centaurs
  3 manticore skeletons (Volcano)
  A big kobold (D:9)
  25 giant frogs
  5 scorpions
  14 killer bees
  2 troll skeletons (Volcano)
  3 electric eels
  6 crimson imps
  2 spriggan skeletons (Volcano)
  8 jellies
  9 orc wizards
  A giant frog zombie (D:9)
  7 orc priests
  Crazy Yiuf (D:2)
  2 giant frog skeletons
  Ijyb (D:2)
  6 hounds
  3 centaur skeletons
  Jessica (D:2)
  A two-headed ogre skeleton (Volcano)
  12 iguanas
  A killer bee zombie (D:11)
  9 worker ants
  16 sheep
  3 hound zombies
  A naga skeleton (Volcano)
  3 hound skeletons
  2 mummies (Volcano)
  12 gnolls
  38 river rats
  15 adders
  4 shadow imps
  An ooze (D:3)
  An adder zombie (D:6)
  An adder skeleton (D:5)
  3 worms
  6 giant geckos
  32 orcs
  7 giant cockroaches
  7 goblins
  7 hobgoblins
  5 jackals
  19 kobolds
  5 quokkas
  2 ball pythons
  6 bats
  2 giant newts
  17 rats
  A fungus (D:2)
  A plant (Lair:7)
592 creatures vanquished.

Vanquished Creatures (others)
  A slave (D:8)
  An orc priest (D:3)
  3 orcs (D:3)
  3 bushes (Lair:8)
  32 fungi
  15 plants
55 creatures vanquished.

Grand Total: 647 creatures vanquished

Notes
Turn   | Place    | Note
--------------------------------------------------------------
     0 | D:1      | urechis the Kobold Berserker began the quest for the Orb.
     0 | D:1      | Reached XP level 1. HP: 14/14 MP: 1/1
    34 | D:1      | Reached skill level 1 in Stealth
    50 | D:1      | Reached XP level 2. HP: 8/19 MP: 2/2
   572 | D:1      | Acquired Trog's second power
   572 | D:1      | Reached XP level 3. HP: 23/23 MP: 3/3
   593 | D:1      | You fall through a shaft!
   593 | D:2      | Noticed Ijyb
   615 | D:2      | Killed Ijyb
   615 | D:2      | Reached XP level 4. HP: 21/28 MP: 4/4
   742 | D:2      | Reached skill level 5 in Stealth
   778 | D:2      | Found a shimmering altar of Xom.
   820 | D:2      | Found an opulent altar of Gozag.
   833 | D:2      | Noticed Jessica
   840 | D:2      | Killed Jessica
   953 | D:2      | Reached skill level 6 in Stealth
   954 | D:2      | Found a glowing silver altar of Zin.
  1007 | D:2      | Reached XP level 5. HP: 30/32 MP: 5/5
  1050 | D:2      | Upgraded the game from 0.17-a0-1596-g1e86911 to 0.17-a0-1617-gfba1302
  2008 | D:2      | Noticed Crazy Yiuf
  2016 | D:2      | Killed Crazy Yiuf
  2016 | D:2      | Reached skill level 7 in Stealth
  2126 | D:3      | Found a shimmering altar of Xom.
  2127 | D:3      | Found a shimmering altar of Xom.
  2130 | D:3      | Found a shimmering altar of Xom.
  2197 | D:3      | Reached XP level 6. HP: 28/37 MP: 6/6
  2366 | D:3      | Reached skill level 8 in Stealth
  2492 | D:3      | Found a sparkling altar of Nemelex Xobeh.
  2554 | D:3      | Found a shimmering altar of Xom.
  2728 | D:3      | Reached skill level 9 in Stealth
  2756 | D:3      | Found a stormy altar of Qazlal.
  3206 | D:4      | Found a white marble altar of Elyvilon.
  3308 | D:4      | Found a radiant altar of Vehumet.
  3378 | D:4      | Reached XP level 7. HP: 25/41 MP: 7/7
  3667 | D:5      | Entered Level 5 of the Dungeon
  3977 | D:5      | Acquired Trog's third power
  4088 | D:5      | Reached skill level 10 in Stealth
  4564 | D:6      | Reached skill level 5 in Short Blades
  4721 | D:6      | Reached XP level 8. HP: 46/48 MP: 8/8
  4801 | D:6      | Found an iron altar of Okawaru.
  5003 | D:6      | Found a basalt altar of Yredelemnul.
  5054 | D:6      | Found Beang's General Store.
  5059 | D:6      | Bought the cursed +1 leather armour "Hytitus" {rElec} for 216 gold pieces
  5082 | D:6      | Found a shadowy altar of Dithmenos.
  5082 | D:6      | Found a deep blue altar of Sif Muna.
  5082 | D:6      | Found a blossoming altar of Fedhas.
  5250 | D:7      | Reached skill level 5 in Fighting
  5374 | D:7      | Got a brightly glowing robe
  5559 | D:7      | Reached XP level 9. HP: 55/55 MP: 9/9
  5709 | D:7      | Identified the cursed +0 robe "Reczikoeha" {+Fly rElec rC- Dex+3} (You took it off an orc wizard on level 7 of the Dungeon)
  5766 | D:7      | Reached skill level 10 in Short Blades
  5808 | D:7      | Found a staircase to the Ecumenical Temple.
  5814 | D:7      | Found Midgherr's Distillery.
  6057 | D:7      | Reached skill level 1 in Shields
  6104 | D:8      | Noticed a great orb of eyes
  6131 | D:8      | Killed a great orb of eyes
  6258 | D:8      | Reached XP level 10. HP: 57/61 MP: 10/10
  6264 | D:8      | Noticed Grum
  6446 | D:8      | Reached skill level 5 in Shields
  6456 | D:8      | Noticed Pikel
  6466 | D:8      | Killed Pikel
  7489 | D:8      | You fall through a shaft for 3 floors!
  7492 | D:11     | Noticed a centaur warrior
  7496 | D:11     | Killed a centaur warrior
  7517 | D:10     | Entered Level 10 of the Dungeon
  7672 | D:10     | Noticed a gargoyle
  7693 | D:10     | Killed a gargoyle
  7693 | D:10     | Reached XP level 11. HP: 65/65 MP: 11/11
  7919 | D:9      | Found a burning altar of Makhleb.
  7919 | D:9      | Noticed a green death
  7978 | D:9      | Got a steaming amber ring
  8088 | D:9      | Found a staircase to the Lair.
  8279 | D:8      | Noticed Erolcha
  8323 | D:8      | Killed Erolcha
  8323 | D:8      | Reached skill level 10 in Dodging
  8651 | D:9      | Reached skill level 11 in Dodging
  8763 | D:9      | Identified the ring of Eternal Harmony {Ice Dex+3 Slay+2} (You found it on level 9 of the Dungeon)
  8936 | D:10     | Found a blossoming altar of Fedhas.
  8974 | D:10     | Found a staircase to the Orcish Mines.
  9858 | D:10     | Reached skill level 12 in Dodging
 10006 | D:11     | Found Piewkucvohin's Antique Armour Shop.
 10013 | D:11     | Bought a glowing hat for 120 gold pieces
 10013 | D:11     | Bought a distressingly furry scale mail for 270 gold pieces
 10035 | D:11     | Identified the +6 scale mail "Fuifu" {Str+3} (You bought it in a shop on level 11 of the Dungeon)
 10225 | D:11     | Noticed a five-headed hydra
 10229 | D:11     | Killed a five-headed hydra
 10260 | D:11     | Noticed a four-headed hydra
 10279 | D:11     | Killed a four-headed hydra
 10279 | D:11     | Reached skill level 5 in Armour
 10340 | D:11     | Reached XP level 12. HP: 48/71 MP: 12/12
 10995 | D:12     | Noticed a tengu warrior
 10997 | D:12     | Killed a tengu warrior
 11003 | D:12     | Received a gift from Trog
 11106 | D:12     | Noticed a seven-headed hydra
 11108 | D:12     | Killed a seven-headed hydra
 11151 | D:12     | Noticed Psyche
 11162 | D:12     | Killed Psyche
 11841 | Lair:1   | Entered Level 1 of the Lair of Beasts
 12009 | Lair:1   | Reached skill level 10 in Shields
 12191 | Lair:1   | Reached XP level 13. HP: 76/76 MP: 13/13
 12569 | Lair:2   | Found a dark tunnel.
 12578 | Volcano  | Entered a volcano
 13451 | Lair:2   | Noticed Gastronok
 13675 | Lair:2   | Received a gift from Trog
 13898 | Lair:2   | Killed Gastronok
 14278 | Lair:3   | Found a hole to the Spider Nest.
 14980 | Lair:4   | Noticed Nergalle
 15006 | Lair:3   | Killed Nergalle
 15113 | Lair:4   | Reached skill level 13 in Short Blades
 15404 | Lair:4   | Reached skill level 10 in Fighting
 15656 | Lair:4   | Reached XP level 14. HP: 85/88 MP: 14/14
 15687 | Lair:4   | Reached skill level 14 in Short Blades
 16280 | Lair:5   | Noticed Maud
 16287 | Lair:5   | Killed Maud
 16403 | Lair:5   | Identified a scroll of acquirement
 17140 | Lair:6   | Received a gift from Trog
 17141 | Lair:6   | Got a transparent dagger {god gift}
 17147 | Lair:6   | Found a staircase to the Shoals.
 17173 | Lair:6   | Identified the +9 dagger of Reinforcement {venom, rPois} (Trog gifted it to you on level 6 of the Lair of Beasts)
 17221 | Lair:6   | Found an ancient bone altar of Kikubaaqudgha.
 18486 | Lair:8   | Entered Level 8 of the Lair of Beasts
 18684 | Lair:8   | Received a gift from Trog
 18685 | Lair:8   | Got a shimmering short sword {god gift}
 18686 | Lair:8   | Identified the +7 short sword of Xuqohow {drain, rF+} (Trog gifted it to you on level 8 of the Lair of Beasts)
 18725 | Lair:8   | Found a staircase to the Slime Pits.
 18726 | Lair:8   | Found a viscous altar of Jiyva.
 18874 | Lair:8   | Reached skill level 15 in Stealth
 18893 | Lair:8   | Reached XP level 15. HP: 96/96 MP: 15/15
 19097 | Lair:8   | Reached skill level 16 in Stealth
 19230 | Lair:8   | Reached skill level 17 in Stealth
 19399 | Lair:8   | Reached skill level 18 in Stealth
 19769 | Lair:8   | Received a gift from Trog
 19784 | Lair:8   | Found a burning altar of Makhleb.
 19876 | Lair:8   | Reached skill level 19 in Stealth
 19908 | Lair:8   | Mangled by a sun demon

Vault maps used:
D:1:      saegor_arrival_simple_c
D:2:      old_standard_altar, kennysheep_flooded_box,
          nicolae_gozag_cash_rules_everything_around_me,
          uniq_crazy_yiuf_cottage, uniq_iyjb, uniq_jessica
D:3:      nemelex_deck, nicolae_qazlal_eye_of_the_storm, first_bread,
          xom_redecorated
D:4:      elyvilon_altar_4, vehumet_altar_wand_db, serial_bayou_ford_a,
          mrwooster_statue_mirror, minmay_misc_feat_encased, minmay_crossroads
D:6:      nicolae_overflow_hidden_temple, lemuel_coloured_pillars_altar,
          gammafunk_temple_overflow_claw, serial_glass, glass_columns_c,
          glass_columns_b, glass_columns_a, glass_columns_c, glass_columns_c,
          glass_columns_b, serial_shops, shop, minmay_misc_feat_alley
D:7:      minmay_temple_entry_mist, serial_shops, shop
D:8:      kennysheep_island_fort, uniq_grum, uniq_pikel, uniq_erolcha
D:9:      makhleb_altar_promises_db, due_lair_maze_entry_diamond
D:10:     orc_0_dummy, fedhas_altar_1
D:11:     serial_shops, nicolae_shop_overgrown_old_shop, lab_entry_generic
D:12:     uniq_psyche
Lair:1:   serial_bayou_shore_a
Lair:2:   enter_volcano_2, minivault_25, uniq_gastronok
Lair:3:   spider_nest_entry_web_field
Lair:4:   uniq_nergalle
Lair:5:   lemuel_old_faithful, grunt_megastairs_2, uniq_maud
Lair:6:   elwin_shoals_entry_rooms, basic_altar, lemuel_fruit_tree
Lair:7:   minmay_lair_oklob_chamber, serial_bayou_shore_b, lemuel_fruit_fields,
          grunt_megastairs_4
Lair:8:   evil_forest, slime_altar_1
Volcano:  volcano_tomb

Action                   |  1- 3 |  4- 6 |  7- 9 | 10-12 | 13-15 || total
-------------------------+-------+-------+-------+-------+-------++-------
Melee: Short sword       |    83 |    63 |       |       |       ||   146
       Dagger            |       |   173 |   330 |   553 |     1 ||  1057
       Quick blade       |       |       |       |   120 |   311 ||   431
       Rapier            |       |       |       |       |  1211 ||  1211
Invok: Berserk           |     3 |     1 |     5 |    12 |     3 ||    24
       Trog's Hand       |       |       |     3 |     6 |     4 ||    13
       Burn Spellbooks   |       |       |       |     1 |     1 ||     2
  Use: Scroll            |       |     2 |     2 |    15 |     8 ||    27
 Stab: Sleeping          |     1 |    30 |    14 |    50 |    42 ||   137
       Distracted        |       |       |       |     5 |     5 ||    10
  Eat: Chunk             |     8 |    11 |    17 |    32 |    41 ||   109
